 Dungeon Crawl Stone Soup version 0.23-a0-319-gb40ba49 (webtiles) character file.

7 Amnesiac the Digger (level 1, -1/7 HPs)
             Began as a Felid Earth Elementalist on Oct 15, 2018.
             Slain by an adder (5 damage)
             ... on level 2 of the Dungeon.
             The game lasted 00:01:28 (657 turns).

Amnesiac the Digger (Felid Earth Elementalist)       Turns: 657, Time: 00:01:29

Health: -1/7       AC:  1    Str:  4    XL:     1   Next: 91%
Magic:  3/4        EV: 18    Int: 16    God:
Gold:   34         SH:  0    Dex: 16    Spells: 3/4 levels left
                                        Lives:  0   Deaths: 0

rFire    . . .     SeeInvis +   (weapon unavailable)
rCold    . . .     Gourm    .   (shield unavailable)
rNeg     . . .     Faith    .   (armour unavailable)
rPois    .         Spirit   .   (helmet unavailable)
rElec    .         Reflect  .   (cloak unavailable)
rCorr    .         Harm     .   (gloves unavailable)
MR       .....                  (boots unavailable)
Stlth    +++.......             j - amulet of rage
HPRegen  0.02/turn              (no ring)
MPRegen  0.09/turn              (no ring)

@: quick
A: very small, no armour, no weapons or thrown items, stealth, claws 1, fangs 3,
see invisible, carnivore, speed 1, shaggy fur 1, slow metabolism 1, sharp paws
a: Evoke Berserk Rage


You were on level 2 of the Dungeon.
You were not hungry.

You visited 1 branch of the dungeon, and saw 2 of its levels.

You collected 34 gold pieces.

Inventory:

Missiles
 b - 53 stones
Jewellery
 a - an uncursed amulet of faith
 j - an amulet of rage (around neck)
Scrolls
 d - a scroll of enchant armour {!r, unknown}
 g - a scroll of amnesia {!r, unknown}
 k - a scroll of teleportation {!r, unknown}
Potions
 e - a potion of mutation {!q, unknown}
 f - a potion of cancellation {!q, unknown}
 i - 2 potions of haste {!q, unknown}
Comestibles
 c - a ration
 h - a chunk of flesh


   Skills:
 - Level 2.6 Dodging
 - Level 2.6 Stealth
 + Level 0.5 Unarmed Combat
 + Level 2.1 Spellcasting
   Level 1.1 Transmutations
 - Level 3.0 Earth Magic


You had 3 spell levels left.
You knew the following spells:

 Your Spells              Type           Power        Failure   Level  Hunger
a - Sandblast             Erth           ##....       6%          1    #......

Your spell library contained the following spells:

 Spells                   Type           Power        Failure   Level  Hunger
 Passwall                 Tmut/Erth      #.......     13%         2    ###....
 Stone Arrow              Conj/Erth      #.....       32%         3    ###....
 Petrify                  Tmut/Erth      #.......     65%         4    #####..
 Lee's Rapid Deconstruct  Erth           ##........   86%         5    ######.


Dungeon Overview and Level Annotations

Branches:
Dungeon (2/15)

Altars:


Innate Abilities, Weirdness & Mutations

You cannot wear armour.
You are incapable of wielding weapons or throwing items.
Your paws allow you to move quietly. (Stealth)
You have sharp claws.
You have razor-sharp teeth.
You have supernaturally acute eyesight. (SInv)
You are carnivorous and can eat meat at any time.
You cover ground quickly.
You are covered in fur. (AC +1)
You have a slow metabolism.
Your sharp claws are effective at attacking unaware monsters.


Message History

Found a stone staircase leading down.
i - 2 lumpy puce potions {!q} (gained 1)
A hobgoblin comes into view.
The hobgoblin shouts!
The hobgoblin hits you.
You scratch the hobgoblin.
The hobgoblin is moderately wounded.
The hobgoblin hits you.
Ouch! That really hurt!
* * * LOW HITPOINT WARNING * * *
You completely miss the hobgoblin.
The hobgoblin is moderately wounded.
The hobgoblin completely misses you.
Casting: Sandblast (safe; 6% risk of failure)
Confirm with . or Enter, or press ? or * to list all spells.
Aiming: Sandblast (safe; 6% risk of failure)
Press: ? - help, Shift-Dir - straight line, f - hobgoblin
Aim: a hobgoblin The blast of sand hits the hobgoblin.
You kill the hobgoblin!
b - 54 stones Unknown command.
You start resting.
Magic restored.
You start resting.
HP restored.
You start resting.
HP restored.
Found a trident.
No target in view!
Found 19 arrows.
A rat comes into view.
A giant cockroach comes into view.
The rat misses you.
Found 21 arrows.
You scratch the rat.
The rat is heavily wounded.
The rat bites you.
You scratch the rat.
You kill the rat!
Training target 3.0 for Earth Magic reached!
Your Earth Magic skill increases to level 3!
Found a ration.
You see here a rat corpse.
You butcher the rat corpse.
Things that are here:
a chunk of flesh; a rat skeleton You start resting.
An adder comes into view.
The adder hisses angrily.
Things that are here:
a chunk of flesh; a rat skeleton
h - a chunk of flesh
Casting: Sandblast (safe; 6% risk of failure)
Confirm with . or Enter, or press ? or * to list all spells.
Aiming: Sandblast (safe; 6% risk of failure)
Press: ? - help, Shift-Dir - straight line, f - adder
Aim: an adder The blast of sand hits the adder.
The adder is moderately wounded.
b - 53 stones The adder bites you.
Ouch! That really hurt!
You die...

.. #.# #... # #...
#.#...# ##############
#...s.. #..(...... ..#
#..#...##.####..# #.#
......S@.....#..####.#
...#...##.##......##.#
.......
#.####..#.##)###
.......
#.####..........
#...%..
#.....(.########
#.##.## ######### # #
#. # ## # #


You could see an adder and a giant cockroach.

Vanquished Creatures
  2 hobgoblins
  3 bats (D:1)
  A kobold (D:1)
  2 rats
8 creatures vanquished.

Notes
Turn   | Place    | Note
-------+----------+-------------------------------------------
     0 | D:1      | Amnesiac the Felid Earth Elementalist began the quest for
                  | the Orb.
     0 | D:1      | Reached XP level 1. HP: 7/7 MP: 4/4
   645 | D:2      | Reached skill level 3 in Earth Magic
   657 | D:2      | Slain by an adder

Vault maps used:
D:1:      minmay_arrival_four_loops
D:2:      minmay_heptomino_l4

Skill      XL: |  1 |
---------------+----+-----
Earth Magic    | 3 |  3.0
Dodging        | |  2.6
Stealth        | |  2.6
Unarmed Combat | |  0.5
Spellcasting   | |  2.1
Transmutations | |  1.1

Action                   || total
-------------------------++-------
Melee: Unarmed           ||    10
       Bite              ||     1
 Cast: Sandblast         ||     4
 Stab: Sleeping          ||     4
  Eat: Chunk             ||     2
Dodge: Dodged            ||     2

Table legend:
 A = Non-vault XP
 B = Vault XP
 C = Vault XP percentage of total XP
 D = Non-vault monster count
 E = Vault monster count
 F = Vault count percentage of total count
                 A         B        C        D         E       F
            +---------+---------+-------+---------+---------+-------
      Total |      11 |       0 |   0.0 |       8 |       0 |   0.0
            +---------+---------+-------+---------+---------+-------
        D:1 |       8 |       0 |   0.0 |       6 |       0 |   0.0
        D:2 |       3 |       0 |   0.0 |       2 |       0 |   0.0
            +---------+---------+-------+---------+---------+-------
